 Dungeon Crawl Stone Soup version 0.31-a0-246-g8cbcc1cb85 (webtiles) character file.

Game seed: 16207860134094067922

472 Dittersdorf the Shield-Bearer (level 7, -1/44 HPs)
             Began as a Gargoyle Fighter on July 12, 2023.
             Slain by a two-headed ogre
             ... wielding a +0 giant spiked club
              (6 damage)
             ... on level 5 of the Dungeon.
             The game lasted 00:04:37 (3623 turns).

Dittersdorf the Shield-Bearer (Gargoyle Fighter)    Turns: 3623, Time: 00:04:37

Health: -1/44      AC: 16    Str: 22    XL:     7   Next: 9%
Magic:  16/16      EV: 10    Int:  8    God:
Gold:   202        SH:  9    Dex:  9    Spells: 6/6 levels left

rFire   + . .        a - +0 flail
rCold   . . .        c - +0 buckler
rNeg    + . .        p - +2 ring mail {rF+}
rPois   ∞            (no helmet)
rElec   +            (no cloak)
rCorr   .            h - +2 pair of gloves
SInv    .            (no boots)
Will    .....        e - amulet of reflection Stlth
                     f - ring of magical power
HPRegen 0.27/turn    (no ring)
MPRegen 0.15/turn

%: reflection
@: marked
A: sickness immunity, AC +4, negative energy resistance 1, electricity
resistance, torment resistance 1, petrification resistance
a: no special abilities


You were on level 5 of the Dungeon.
You visited 1 branch of the dungeon, and saw 5 of its levels.

You collected 202 gold pieces.

Inventory:

Hand Weapons
 a - a +0 flail (weapon)
Armour
 c - a +0 buckler (worn)
 h - a +2 pair of gloves (worn)
 p - a +2 ring mail of fire resistance (worn)
Jewellery
 e - an amulet of reflection (around neck)
 f - a ring of magical power (left hand)
 o - a ring of ice
Scrolls
 g - 2 scrolls of poison
 i - a scroll of noise
 l - 2 scrolls of teleportation
 m - a scroll of blinking
Potions
 b - a potion of curing
 d - a potion of might
 j - a potion of magic
 k - a potion of heal wounds {unknown}
 n - a potion of berserk rage
 r - a potion of mutation {unknown}
 s - a potion of invisibility
 u - a potion of enlightenment


   Skills:
 + Level 5.1 Fighting
 + Level 4.0 Maces & Flails
 + Level 5.1 Armour
 + Level 5.1 Shields


You had 6 spell levels left.
You didn't know any spells.
Your spell library contained the following spells:

 Spells                   Type           Power      Damage    Failure   Level
 Ensorcelled Hibernation  Hex/Ice        0%         N/A       77%         2
 Passwall                 Tmut/Erth      0%         N/A       77%         2
 Ignite Poison            Fire/Tmut/Pois 0%         N/A       94%         3
 Swiftness                Air            0%         N/A       94%         3
 Tukima's Dance           Hex            0%         N/A       94%         3
 Passage of Golubria      Tloc           0%         N/A       100%        4
 Freezing Cloud           Conj/Ice/Air   0%         6-21      100%        5
 Yara's Violent Unravell  Hex/Tmut       0%         3d3       100%        5
 Cigotuvi's Dreadful Rot  Necr/Pois/Air  Unusable   N/A       N/A         2

Dungeon Overview and Level Annotations

Branches:
Dungeon (5/15)
 Temple: D:4-7

Altars:


Innate Abilities, Weirdness & Mutations

You are immune to sickness and miasma.
Your stone body is resilient. (AC +4)
You are immune to poison.
You resist negative energy. (rN+)
You are resistant to electric shocks. (rElec)
You are resistant to unholy torment.
You are immune to petrification.


Message History

The two-headed ogre hits you with a +0 giant club.
You hit the two-headed ogre but do no damage.
The two-headed ogre is severely wounded.
The two-headed ogre hits you with a +0 giant spiked club.
The two-headed ogre barely misses you.
An orc comes into view. It is wielding a +0 hand axe.
You thump the two-headed ogre!
The two-headed ogre is almost dead.
The two-headed ogre barely misses you.
The two-headed ogre hits you with a +0 giant club!
You are too injured to fight recklessly!
You are too injured to fight recklessly!
You are too injured to fight recklessly!
You are too injured to fight recklessly!
You are too injured to fight recklessly!
You are too injured to fight recklessly!
You are too injured to fight recklessly!
You are too injured to fight recklessly!
You are too injured to fight recklessly!
You are too injured to fight recklessly!
You are too injured to fight recklessly!
You are too injured to fight recklessly!
You are too injured to fight recklessly!
You are too injured to fight recklessly!
You are too injured to fight recklessly!
You are too injured to fight recklessly!
You are too injured to fight recklessly!
You are too injured to fight recklessly!
You barely miss the two-headed ogre.
The two-headed ogre is severely wounded.
An orc comes into view. It is wielding a +0 flail.
You hit the two-headed ogre.
The two-headed ogre is almost dead.
The two-headed ogre hits you with a +0 giant spiked club!
* * * LOW HITPOINT WARNING * * *
You block the two-headed ogre's attack.
You hit the two-headed ogre.
The two-headed ogre is almost dead.
The two-headed ogre hits you with a +0 giant spiked club.
You die...

#### .?.. #..#
#.#oo#########
..>oS#.......#
#..#O#.#####.#
#..#@#.#...#.#
#..#.#.#.#.#.#
#..#.#.#.#.#.#
#..#.....#.#.##
#....#...#....#
##.#.....######
#.####.....###
#.....#......#
#.###.########


You could see a two-headed ogre, an adder and 3 orcs.

Vanquished Creatures
  Sigmund (D:3)
  Pargi (D:4)
  A hound (D:5)
  An orc wizard (D:4)
  7 adders
  A worm (D:3)
  3 dart slugs
  11 orcs
  7 ball pythons
  5 endoplasms
  4 giant cockroaches
  8 goblins
  7 hobgoblins
  4 jackals (D:4)
  2 kobolds
  4 quokkas
  4 bats
  A frilled lizard (D:2)
  5 rats
77 creatures vanquished.

Notes
Turn   | Place    | Note
-------+----------+-------------------------------------------
     0 | D:1      | Dittersdorf the Gargoyle Fighter began the quest for the
                  | Orb.
     0 | D:1      | Reached XP level 1. HP: 14/14 MP: 1/1
    34 | D:1      | You fall into a shaft and drop 1 floor!
    47 | D:2      | Reached XP level 2. HP: 19/19 MP: 2/2
   304 | D:1      | Reached XP level 3. HP: 20/23 MP: 3/3
   544 | D:1      | Found a faded altar of an unknown god.
  1322 | D:3      | Reached XP level 4. HP: 29/29 MP: 4/4
  1875 | D:3      | Noticed Sigmund
  1893 | D:3      | Killed Sigmund
  1894 | D:3      | Reached XP level 5. HP: 33/34 MP: 5/5
  1894 | D:3      | Reached XP level 6. HP: 38/39 MP: 6/6
  2475 | D:4      | Noticed Pargi
  2497 | D:4      | Killed Pargi
  2640 | D:4      | Reached skill level 5 in Fighting
  2640 | D:4      | Reached skill level 5 in Armour
  2640 | D:4      | Reached skill level 5 in Shields
  2906 | D:4      | Reached XP level 7. HP: 44/44 MP: 7/7
  3519 | D:5      | Entered Level 5 of the Dungeon
  3609 | D:5      | Noticed a two-headed ogre
  3623 | D:5      | Slain by a two-headed ogre

Illustrated notes

Levels and vault maps discovered:
D:1:      dpeg_arrival_long_road, layout_rooms,
          chequers_ecumenical_altar_island, minivault_25
D:2:      layout_rooms, serial_forest, infiniplex_forest_straight_4,
          infiniplex_forest_lined_2, infiniplex_forest_clump_C,
          infiniplex_forest_end_1, infiniplex_forest_clump_tiny,
          infiniplex_forest_clump_double, infiniplex_forest_clump_C,
          grunt_decor_cap
D:3:      layout_basic, uniq_sigmund
D:4:      layout_basic, chequers_serial_rivers_small_b, uniq_pargi
D:5:      layout_basic, minmay_temple_entry_statues_pillars,
          uniq_crazy_yiuf_cottage, uniq_edmund

Skill      XL: |  1  2  3  4  5  6  7 |
---------------+----------------------+-----
Armour         | 4 5 |  5.1
Shields        | 4 5 |  5.1
Fighting       | 4 5 |  5.1
Maces & Flails | 3 4 |  4.0

Action                     |  1- 3 |  4- 6 |  7- 9 || total
---------------------------+-------+-------+-------++-------
  Melee: Flail             |   201 |   173 |    25 ||   399
    Use: Scroll            |       |     7 |     4 ||    11
 Armour: Scale mail        |    42 |     7 |       ||    49
         Ring mail         |       |   103 |     5 ||   108
  Dodge: Dodged            |    21 |    77 |    12 ||   110
  Block: Buckler           |    45 |   107 |    10 ||   162
         Reflection        |     1 |       |       ||     1

Table legend: (Time is in decaauts)
 A = Elapsed time spent in this place.
 B = Non-inter-level travel time spent in this place.
 C = Inter-level travel time spent in this place.
 D = Time resting spent in this place.
 E = Time spent auto-exploring this place.
 F = Levels seen in this place.
 G = Mean time per level.
                   A        B        C        D        E       F      G
               +--------+--------+--------+--------+--------+-----+--------+
         Total |   3739 |   3611 |    128 |    166 |   2576 |   5 |  747.8 |
       Dungeon |   3739 |   3611 |    128 |    166 |   2576 |   5 |  747.8 |
               +--------+--------+--------+--------+--------+-----+--------+

Top non-repeatable levels by time:
     D:4: 1156 daAuts
     D:3: 1090 daAuts
     D:2: 779 daAuts
     D:1: 604 daAuts
     D:5: 107 daAuts
